 Dungeon Crawl Stone Soup version 0.20.0-10-g0535bb4 (webtiles) character file.

87 Kosschaser the Firebug (level 4, -4/37 HPs)
             Began as a Naga Fire Elementalist on June 6, 2017.
             Slain by an orc
             ... wielding a +0 hand axe
              (5 damage)
             ... on level 3 of the Dungeon.
             The game lasted 00:13:09 (2449 turns).

Kosschaser the Firebug (Naga Fire Elementalist)     Turns: 2449, Time: 00:13:10

Health: -4/37      AC:  2    Str: 11    XL:     4   Next: 51%
Magic:  0/7        EV: 10    Int: 16    God:
Gold:   110        SH:  0    Dex: 11    Spells: 2/8 levels left

rFire    + . .     SeeInvis +   (no weapon)
rCold    x . .     Gourm    .   (no shield)
rNeg     . . .     Faith    .   a - +0 robe
rPois    +         Spirit   .   (no helmet)
rElec    .         Reflect  .   (no cloak)
rCorr    .         Harm     .   (no gloves)
MR       .....                  (no barding)
Stlth    ++........             (no amulet)
Regen    0.2/turn               g - ring of fire
MPRegen  0.1/turn               (no ring)

@: very slightly contaminated, very slow
A: see invisible, deformed body, poison resistance, slowness 2, slow metabolism
1, spit poison 1, AC +1
a: Spit Poison


You were on level 3 of the Dungeon.
You were not hungry.

You visited 1 branch of the dungeon, and saw 3 of its levels.

You collected 110 gold pieces.

Inventory:

Armour
 a - a +0 robe (worn)
Jewellery
 g - a ring of fire (left hand)
 m - an uncursed ring of stealth {unknown}
Scrolls
 d - a scroll of teleportation {unknown}
 e - 2 scrolls of blinking {unknown}
 f - a scroll of magic mapping {unknown}
 i - 4 scrolls of identify {unknown}
 k - a scroll of enchant weapon {unknown}
Potions
 h - a potion of magic {unknown}
 j - a potion of invisibility {unknown}
 l - a potion of haste {unknown}
Books
 b - a book of Flames

   Spells                             Type                      Level
   a - Flame Tongue                   Conjuration/Fire             1
   b - Throw Flame                    Conjuration/Fire             2
   c - Conjure Flame                  Conjuration/Fire             3
   d - Inner Flame                    Hexes/Fire                   3
   e - Sticky Flame                   Conjuration/Fire             4
   f - Fireball                       Conjuration/Fire             5
Comestibles
 c - a bread ration
 n - a royal jelly


   Skills:
 + Level 0.6 Fighting
 + Level 2.0 Dodging
 + Level 3.6 Stealth
 + Level 2.5 Spellcasting
 + Level 1.5 Conjurations
 + Level 4.0 Fire Magic


You had 2 spell levels left.
You knew the following spells:

 Your Spells              Type           Power        Failure   Level  Hunger
a - Flame Tongue          Conj/Fire      ###..        6%          1    #......
b - Throw Flame           Conj/Fire      ###...       10%         2    ##.....
c - Inner Flame           Hex/Fire       ##......     26%         3    ###....


Dungeon Overview and Level Annotations

Branches:
Dungeon (3/15)

Altars:


Innate Abilities, Weirdness & Mutations

You cannot wear boots.
Your serpentine skin is tough. (AC +1)
You have supernaturally acute eyesight. (SInv)
Armour fits poorly on your strangely shaped body.
Your system is resistant to poisons. (rPois)
You cover ground very slowly.
You have a slow metabolism.
You can spit poison.


Message History

The orc barely misses you. The orc hits you with a hand axe.
* * * LOW HITPOINT WARNING * * *
The orc hits you with a hand axe.
* * * LOW HITPOINT WARNING * * *
Casting: Flame Tongue
Confirm with . or Enter, or press ? or * to list all spells.
Aiming: Flame Tongue
Press: ? - help, Shift-Dir - straight line, f/p - orc
Aim: an orc, wielding a hand axe (severely wounded)
You feel a surge of power!
You miscast Flame Tongue.
You are momentarily dazzled by a flash of light!
The orc hits you with a hand axe.
* * * LOW HITPOINT WARNING * * *
The orc hits you with a hand axe.
* * * LOW HITPOINT WARNING * * *
You barely miss the orc.
The orc is severely wounded.
The orc hits you with a hand axe.
You die...

#.# #.. #.# ## #.# #o
#.# #.
.#.#############+##.###.
........o....##.......#.
#...@o.....).........
#.#######.##.......##
............#
..#####.......## ...
#......... .. #.......##
. +.......# ###.......#
##......####.


You could see 2 orcs.

Vanquished Creatures
  3 adders (D:2)
  An ooze (D:1)
  2 worms (D:2)
  4 leopard geckos
  An orc (D:3)
  3 giant cockroaches
  5 goblins
  5 hobgoblins
  4 jackals (D:3)
  A ball python (D:2)
  3 bats
  4 frilled lizards
  3 kobolds
  5 rats
44 creatures vanquished.

Notes
Turn   | Place    | Note
-------+----------+-------------------------------------------
     0 | D:1      | Kosschaser the Naga Fire Elementalist began the quest for the Orb.
     0 | D:1      | Reached XP level 1. HP: 15/15 MP: 3/3
   353 | D:1      | Reached XP level 2. HP: 22/22 MP: 1/5
   378 | D:1      | Learned a level 2 spell: Throw Flame
  1167 | D:2      | Reached XP level 3. HP: 22/28 MP: 1/6
  1528 | D:2      | Learned a level 3 spell: Inner Flame
  1689 | D:2      | Reached XP level 4. HP: 6/37 MP: 2/7
  2440 | D:3      | Reached skill level 4 in Fire Magic
  2448 | D:3      | HP: 1/37 [orc/hand axe (5)]
  2449 | D:3      | Slain by an orc

Skill      XL: |  1  2  3  4 |
---------------+-------------+-----
Dodging        | 2 |  2.0
Fire Magic     | 4 |  4.0
Fighting       | |  0.6
Stealth        | |  3.6
Spellcasting   | |  2.5
Conjurations   | |  1.5

Action                   |  1- 3 |  4- 6 || total
-------------------------+-------+-------++-------
Melee: Unarmed           |    44 |     6 ||    50
 Cast: Flame Tongue      |    41 |    12 ||    53
       Throw Flame       |    23 |     9 ||    32
       Inner Flame       |     1 |     2 ||     3
 Abil: Spit Poison       |       |     1 ||     1
  Eat: Bread ration      |     1 |       ||     1
       Chunk             |       |     2 ||     2
Armor: Robe              |    28 |       ||    28
Dodge: Dodged            |    54 |     8 ||    62
